AoeStats
← 帝国的铁汉

Arabia

508840657Analyzed
1v1 RM · 8d ago on Sep 24, 2026· 56m 48s· 2 players
Game mode
Random Map
Map size
Tiny (2 player)
Population
200
Speed
Normal
Resources
Standard
Victory
Conquest
Starting age
Dark Age
Ending age
Imperial Age
RankedLock teamsTeams togetherTeam positionsShared explorationLock speedFull tech treeHidden civsTurbo modeCheats
Victory
Defeat
🇨🇳 Varangians · China
1639
+14
🇪🇸 Japanese · Spain
1606
-14
ulivr
7:32 Loom
9:44 Feudal Age
10:51 Man-at-Arms
25:35 Castle Age
26:23 Pikeman
27:41 Scale Mail Armor
28:16 Fletching
31:27 Chain Mail Armor
31:02 Horse Collar
33:21 Wheelbarrow
32:48 Double-Bit Axe
34:09 Bodkin Arrow
35:57 Crossbowman
36:17 Crossbowman
37:30 Squires
39:48 Bow Saw
44:46 Imperial Age
44:15 Forging
45:45 Bracer
46:43 Halberdier
49:20 Plate Mail Armor
51:53 Conscription
52:41 Ballistics
帝国的铁汉
9:06 Loom
12:24 Feudal Age
16:04 Castle Age
15:43 Bloodlines
15:34 Double-Bit Axe
15:58 Scale Barding Armor
22:22 Man-at-Arms
27:47 Horse Collar
28:34 Chain Barding Armor
28:59 Wheelbarrow
28:20 Gold Mining
28:43 Husbandry
29:59 Town Watch
30:50 Stone Mining
31:29 Forging
33:45 Ballistics
33:06 Treadmill Crane
33:27 Fletching
38:31 Imperial Age
36:44 Hand Cart
37:44 Iron Casting
37:29 Bodkin Arrow
38:14 Heavy Plow
38:32 Bow Saw
39:33 Conscription
40:19 Plate Barding Armor
39:23 Cavalier
41:59 Two-Man Saw
42:06 Blast Furnace
41:21 Bracer
41:45 Elite Jarl
43:00 Gothikon
43:54 Scale Mail Armor
44:44 Vendel Legacy
45:50 Squires
45:37 Arson
46:09 Chain Mail Armor
47:22 Plate Mail Armor
48:19 Chemistry
47:30 Masonry
47:34 Fortified Wall
48:43 Capped Ram
49:14 Gambesons
50:28 Guilds
50:35 Siege Ram
52:22 Crop Rotation
55:20 Elite Varangian Guard
Connection lost

Rejoining the realm…

Still unreachable

The connection could not be restored.

Session expired

The server has moved on; the page needs a fresh start.